 Dungeon Crawl Stone Soup version 0.27-a0-1137-g3ef0f4ec91 (webtiles) character file.

Game seed: 6110693787015088306

441 siradein the Poker (level 6, -3/44 HPs)
             Began as a Demonspawn Gladiator on May 6, 2021.
             Slain by a kobold brigand
             ... wielding a +0 short sword
              (5 damage)
             ... in a sewer.
             The game lasted 00:07:58 (3240 turns).

siradein the Poker (Demonspawn Gladiator)           Turns: 3240, Time: 00:07:59

Health: -3/44      AC:  3    Str: 16    XL:     6   Next: 70%
Magic:  0/6        EV: 12    Int:  9    God:
Gold:   103        SH:  4    Dex: 15    Spells: 5/5 levels left

rFire    . . .     SeeInvis .   a - +0 trident
rCold    . . .     Faith    .   (no shield)
rNeg     . . .     Spirit   +   b - +0 leather armour
rPois    .         Reflect  .   (helmet restricted)
rElec    .         Harm     .   (no cloak)
rCorr    .         Rampage  .   (no gloves)
Will     .....                  (no boots)
Stlth    +.........             (no amulet)
HPRegen  0.14/turn              (no ring)
MPRegen  0.20/turn              (no ring)

@: mighty, lethally poisoned (-3 -> -4), slowed, very slow
A: horns 1, magic shield, magic regeneration, condensation shield
a: no special abilities


You were in a sewer.
You visited 1 branch of the dungeon, and saw 3 of its levels.
You also visited: Sewer.

You collected 103 gold pieces.

Inventory:

Hand Weapons
 a - a +0 trident (weapon)
Missiles
 d - 3 throwing nets (quivered)
 m - a curare-tipped dart
Armour
 b - a +0 leather armour (worn)
Jewellery
 l - an amulet of guardian spirit
Scrolls
 c - a scroll of noise {unknown}
 e - a scroll of identify {unknown}
 h - a scroll of silence {unknown}
 k - a scroll of brand weapon {unknown}
 n - a scroll of fear {unknown}
 p - 2 scrolls of fog {unknown}
Potions
 f - a potion of curing {unknown}
 g - 2 potions of might
 i - a potion of berserk rage {unknown}
 j - a potion of brilliance {unknown}
 o - 2 potions of magic {unknown}


   Skills:
 - Level 2.0 Fighting
 + Level 7.0 Polearms
 - Level 1.7 Throwing
 - Level 2.6 Dodging


You had 5 spell levels left.
You didn't know any spells.
Your spell library was empty.

Dungeon Overview and Level Annotations

Branches:
Dungeon (3/15)              Sewer (1/1)

Altars:


Innate Abilities, Weirdness & Mutations

You have a pair of small horns on your head.
When hurt, damage is shared between your health and your magic reserves.
You regenerate magic rapidly.
A meltable shield of frost defends you. (SH +4)


Message History

You start waiting.
A kobold is nearby!
You reach to attack!
You hit the kobold.
The kobold is severely wounded.
You barely miss the kobold.
The kobold is severely wounded.
You hit the kobold but do no damage.
The kobold is severely wounded.
The kobold hits you with a +1 vampiric short sword.
The kobold draws strength from your wounds!
You hit the kobold.
You kill the kobold!
The kobold brigand throws a curare-tipped dart.
The curare-tipped dart hits you.
You are poisoned.
You have difficulty breathing.
You feel yourself slow down.
You feel very sick. The kobold brigand barely misses you.
The kobold brigand hits you with a +0 short sword!
You see here a +1 vampiric short sword.
You hit the kobold brigand but do no damage.
You feel very sick.
The kobold brigand hits you with a +0 short sword!
It was a potion of might.
You feel very mighty all of a sudden.
You feel sick.
The kobold brigand hits you with a +0 short sword.
* * * LOW HITPOINT WARNING * * *
The kobold brigand closely misses you.
You barely miss the kobold brigand. You headbutt the kobold brigand.
The kobold brigand is moderately wounded.
You feel sick.
The kobold brigand hits you with a +0 short sword.
* * * LOW HITPOINT WARNING * * *
You puncture the kobold brigand!
The kobold brigand is severely wounded.
* * * LOW HITPOINT WARNING * * *
You feel sick.
The kobold brigand hits you with a +0 short sword.
You die...

.∩...≈..≈≈# .....≈≈≈≈≈#
.∩...≈.≈≈≈# .≈..≈≈≈≈≈≈##
≈≈..≈.≈.≈..## #####
≈≈...≈##.≈..####≈≈.≈
...≈≈####.≈..≈≈≈≈#
..≈.≈## #≈≈.≈≈.≈.# ###
≈.≈≈≈≈####≈....≈@###≈≈≈K.
≈≈≈..≈..########≈K≈≈≈#
####.≈≈≈.# #####≈≈≈≈.
##≈.≈.# ### ##.≈.# #≈≈≈#
#.≈.# ##≈≈≈## #≈.≈≈≈#


You could see a kobold brigand.

Vanquished Creatures
  4 kobold brigands (Sewer)
  A jelly (D:2)
  Jessica (D:2)
  2 river rats
  2 adders
  2 dart slugs (D:1)
  5 worms
  7 bats
  9 endoplasms
  2 giant cockroaches
  2 goblins (D:2)
  4 hobgoblins
  6 jackals (D:2)
  2 quokkas
  4 ball pythons
  2 frilled lizards
  6 kobolds
  4 rats
65 creatures vanquished.

Notes
Turn   | Place    | Note
-------+----------+-------------------------------------------
     0 | D:1      | siradein the Demonspawn Gladiator began the quest for the
                  | Orb.
     0 | D:1      | Reached XP level 1. HP: 16/16 MP: 1/1
   204 | D:1      | Reached skill level 3 in Polearms
   262 | D:1      | Gained mutation: You regenerate magic rapidly. [demonic
                  | ancestry]
   262 | D:1      | Reached XP level 2. HP: 22/22 MP: 2/2
  1218 | D:2      | Reached XP level 3. HP: 27/27 MP: 3/3
  1247 | D:2      | Reached skill level 4 in Polearms
  1250 | D:2      | Gained mutation: You have a pair of small horns on your
                  | head. [demonic ancestry]
  1250 | D:2      | Reached XP level 4. HP: 21/33 MP: 4/4
  1517 | D:2      | Found a faded altar of an unknown god.
  1525 | D:2      | Noticed Jessica
  1533 | D:2      | Killed Jessica
  1703 | D:2      | Reached skill level 5 in Polearms
  2107 | D:3      | Gained mutation: When hurt, damage is shared between your
                  | health and your magic reserves. [demonic ancestry]
  2107 | D:3      | Reached XP level 5. HP: 23/38 MP: 5/5
  2145 | D:3      | Found a glowing drain.
  2159 | Sewer    | Entered a sewer
  2562 | Sewer    | Reached skill level 6 in Polearms
  2562 | Sewer    | Gained mutation: A meltable shield of frost defends you.
                  | (SH +4) [demonic ancestry]
  2562 | Sewer    | Reached XP level 6. HP: 37/44 MP: 4/6
  3081 | Sewer    | Reached skill level 7 in Polearms
  3240 | Sewer    | HP: 2/44 [poisoned by kobold brigand (curare-tipped dart)]
  3240 | Sewer    | Slain by a kobold brigand

Illustrated notes

Levels and vault maps discovered:
D:1:      heliophobic_arrival_glass_houses, layout_loops_cross, minivault_4,
          amethyst_killhole
D:2:      layout_loops_ring, chequers_ecumenical_altar_simple_redux,
          uniq_jessica
D:3:      layout_loops_ring, lightli_sewer_entry_pipes, serial_shops,
          nicolae_shop_statue_plus, cheibrodos_gnoll_hut
Sewer:    sewer_co_tree

Skill      XL: |  1  2  3  4  5  6 |
---------------+-------------------+-----
Polearms       | 3 4 5 6 7 |  7.0
Fighting       | |  2.0
Throwing       | |  1.7
Dodging        | |  2.6

Action                   |  1- 3 |  4- 6 || total
-------------------------+-------+-------++-------
Melee: Trident           |    67 |   182 ||   249
       Headbutt          |       |    29 ||    29
  Use: Potion            |       |     1 ||     1
 Stab: Sleeping          |     1 |     2 ||     3
Armor: Leather armour    |    20 |    18 ||    38
Dodge: Dodged            |    25 |    78 ||   103
Block: Other             |       |     1 ||     1

Table legend: (Time is in decaauts)
 A = Elapsed time spent in this place.
 B = Non-inter-level travel time spent in this place.
 C = Inter-level travel time spent in this place.
 D = Time resting spent in this place.
 E = Time spent auto-exploring this place.
 F = Levels seen in this place.
 G = Mean time per level.
                   A        B        C        D        E       F      G
               +--------+--------+--------+--------+--------+-----+--------+
         Total |   3387 |   3335 |     52 |    256 |   2498 |   4 |  846.8 |
       Dungeon |   2193 |   2141 |     52 |     10 |   1729 |   3 |  731.0 |
         Sewer |   1194 |   1194 |      0 |    246 |    768 |   1 | 1194.0 |
               +--------+--------+--------+--------+--------+-----+--------+

Top non-repeatable levels by time:
   Sewer: 1194 daAuts
     D:1: 1028 daAuts
     D:2: 976 daAuts
     D:3: 188 daAuts
